PBL
COLORADO AVALANCHE @ MADISON BREWERS
10/08/2049
 
TOP OF THE 1ST
Portland Angels batting - Pitching for Madison Brewers : LHP Josh Mastrorocco
Pitching: LHP Josh Mastrorocco
Batting: RHB Aubrey Soldan 0-0: Ball
1-0: Ball
2-0: Called Strike
2-1: Foul Ball, location: 2F
2-2: Ball
3-2: Base on Balls
Batting: RHB Suoud bin Hilal 0-0: Ball
1-0: Called Strike
1-1: Ball
2-1: SINGLE (Groundball, 4MD, EV 93.8 MPH)
Aubrey Soldan to second
Runner from 2nd tries for 3rd, SAFE, throw by CF made to third
Batting: RHB Kyle Waters 0-0: Ball
1-0: Ball
2-0: Foul Ball, location: 2F
2-1: Ball
3-1: Base on Balls
Suoud bin Hilal to second
Batting: RHB Dan Benson 0-0: SINGLE (Groundball, 4MD, EV 96.9 MPH)
Aubrey Soldan scores
Suoud bin Hilal to third
Kyle Waters to second
Runner from 3rd tries for Home, SAFE, no throw by CF
Batting: RHB Jayson Robinson 0-0: Foul Ball, location: 2F
0-1: Foul Ball, location: 2F
0-2: Ball
1-2: Strikes out swinging
Batting: RHB Justin Reed 0-0: Ball
1-0: Called Strike
1-1: Ball
2-1: Ball
3-1: Called Strike
3-2: Fielders Choice at 2nd, 1-6 (Groundball, 34S, EV 85.0 MPH)
Kyle Waters to third
Batting: RHB Humberto Rebollar 0-0: Ball
1-0: Ball
2-0: Ball
3-0: Called Strike
3-1: Swinging Strike
3-2: Base on Balls
Justin Reed to second
Batting: LHB Kevin Thorp 0-0: Swinging Strike
0-1: Ball
1-1: Called Strike
1-2: Strikes out swinging
Top of the 1st over - 2 runs, 2 hits, 0 errors, 3 left on base; Portland 2 - Madison 0
BOTTOM OF THE 1ST
Madison Brewers batting - Pitching for Portland Angels : RHP Chris Lloyd
Pitching: RHP Chris Lloyd
Batting: RHB Brent Campbell 0-0: Ball
1-0: Swinging Strike
1-1: Called Strike
1-2: Foul Ball, location: 2F
1-2: Strikes out swinging
Batting: RHB Micah Christopher 0-0: SINGLE (Groundball, 34D, EV 105.6 MPH)
Batting: LHB Dan Martinez 0-0: Foul Ball, location: 2F
0-1: Ball
1-1: Swinging Strike
1-2: Foul Ball, location: 2F
1-2: Strikes out swinging
Batting: RHB Justin Menotti 0-0: Ball
1-0: Ball
2-0: Ball
3-0: Called Strike
3-1: Fielders Choice at 2nd, 6-4 (Groundball, 6, EV 82.5 MPH)
Bottom of the 1st over - 0 runs, 1 hit, 0 errors, 1 left on base; Portland 2 - Madison 0
TOP OF THE 2ND
Portland Angels batting - Pitching for Madison Brewers : LHP Josh Mastrorocco
Batting: RHB Chris Lloyd 0-0: Foul Ball, location: 2F
0-1: Called Strike
0-2: Ball
1-2: Foul Ball, location: 2F
1-2: Strikes out looking
Batting: RHB Aubrey Soldan 0-0: Ball
1-0: Called Strike
1-1: Ball
2-1: SINGLE (Groundball, 25, EV 75.6 MPH) (infield hit)
Batting: RHB Suoud bin Hilal 0-0: Ball
Wild Pitch!
Aubrey Soldan to second
1-0: Foul Ball, location: 2F
1-1: Ball
2-1: Fly out, F8 (Flyball, 8RM, EV 86.9 MPH)
Batting: RHB Kyle Waters 0-0: Swinging Strike
0-1: Foul Ball, location: 2F
0-2: Strikes out swinging
Top of the 2nd over - 0 runs, 1 hit, 0 errors, 1 left on base; Portland 2 - Madison 0
BOTTOM OF THE 2ND
Madison Brewers batting - Pitching for Portland Angels : RHP Chris Lloyd
Batting: RHB Mike Feldhausen 0-0: Swinging Strike
0-1: Foul Ball, location: 2F
0-2: Foul Ball, location: 2F
0-2: Ball
1-2: Strikes out swinging
Batting: LHB Peter Whistle 0-0: Ball
1-0: Called Strike
1-1: Called Strike
1-2: Ball
2-2: Ball
3-2: Fly out, F5 (Popup, 5SF, EV 71.3 MPH)
Batting: RHB Bobby Ujvari 0-0: SINGLE (Line Drive, 5D, EV 98.1 MPH)
Batting: RHB Alex Olmeda 0-0: Ball
1-0: Fly out, F9 (Flyball, 89S, EV 79.4 MPH)
Bottom of the 2nd over - 0 runs, 1 hit, 0 errors, 1 left on base; Portland 2 - Madison 0
TOP OF THE 3RD
Portland Angels batting - Pitching for Madison Brewers : LHP Josh Mastrorocco
Batting: RHB Dan Benson 0-0: Ball
1-0: Ball
2-0: Ground out 6-3 (Groundball, 6S, EV 73.1 MPH)
Batting: RHB Jayson Robinson 0-0: Called Strike
0-1: Ball
1-1: Ball
2-1: Ball
3-1: Ground out 1-3 (Groundball, P, EV 70.6 MPH)
Batting: RHB Justin Reed 0-0: Ball
1-0: Swinging Strike
1-1: Ground out 6-3 (Groundball, 6M, EV 101.3 MPH)
Top of the 3rd over - 0 runs, 0 hits, 0 errors, 0 left on base; Portland 2 - Madison 0
BOTTOM OF THE 3RD
Madison Brewers batting - Pitching for Portland Angels : RHP Chris Lloyd
Batting: LHB Josh Mastrorocco 0-0: Ball
1-0: Ball
2-0: Reached on error, E6 (Groundball, 6M, EV 90.6 MPH)
Batting: RHB Brent Campbell 0-0: Swinging Strike
0-1: Called Strike
0-2: Fly out, F6 (Line Drive, 6, EV 66.9 MPH)
Batting: RHB Micah Christopher 0-0: Ball
1-0: Foul Ball, location: 2F
1-1: Fly out, F3 (Popup, 3S, EV 65.0 MPH)
Batting: LHB Dan Martinez 0-0: Called Strike
0-1: Ball
1-1: Swinging Strike
1-2: Strikes out swinging
Bottom of the 3rd over - 0 runs, 0 hits, 1 error, 1 left on base; Portland 2 - Madison 0
TOP OF THE 4TH
Portland Angels batting - Pitching for Madison Brewers : LHP Josh Mastrorocco
Batting: RHB Humberto Rebollar 0-0: Ball
1-0: Ball
2-0: Ball
3-0: Called Strike
3-1: Swinging Strike
3-2: Strikes out swinging
Batting: LHB Kevin Thorp 0-0: Called Strike
0-1: Swinging Strike
0-2: Ball
1-2: Strikes out swinging
Batting: RHB Chris Lloyd 0-0: Ground out 5-3 (Groundball, 56S, EV 86.9 MPH)
Top of the 4th over - 0 runs, 0 hits, 0 errors, 0 left on base; Portland 2 - Madison 0
BOTTOM OF THE 4TH
Madison Brewers batting - Pitching for Portland Angels : RHP Chris Lloyd
Batting: RHB Justin Menotti 0-0: Ball
1-0: Called Strike
1-1: Ball
2-1: Ground out 6-3 (Groundball, 6M, EV 88.1 MPH)
Batting: RHB Mike Feldhausen 0-0: Ball
1-0: Called Strike
1-1: Foul Ball, location: 2F
1-2: Strikes out swinging
Batting: LHB Peter Whistle 0-0: Ball
1-0: Swinging Strike
1-1: Called Strike
1-2: Strikes out swinging
Bottom of the 4th over - 0 runs, 0 hits, 0 errors, 0 left on base; Portland 2 - Madison 0
TOP OF THE 5TH
Portland Angels batting - Pitching for Madison Brewers : LHP Josh Mastrorocco
Batting: RHB Aubrey Soldan 0-0: Fly out, F8 (Flyball, 8RM, EV 96.9 MPH)
Pitching: RHP Francisco Moreno
Batting: RHB Suoud bin Hilal 0-0: Ball
1-0: Ball
2-0: Called Strike
2-1: Ball
3-1: Foul Ball, location: 2F
3-2: Foul Ball, location: 2F
3-2: Strikes out swinging
Batting: RHB Kyle Waters 0-0: Ball
1-0: Ball
2-0: Called Strike
2-1: Ball
3-1: Foul Ball, location: 2F
3-2: Foul Ball, location: 2F
3-2: Foul Ball, location: 2F
3-2: Base on Balls
Batting: RHB Dan Benson 0-0: Reached via error on a dropped throw from 1B, E1 (Groundball, 34S, EV 63.1 MPH)
Kyle Waters to second
Batting: RHB Jayson Robinson 0-0: Called Strike
0-1: SINGLE (Line Drive, 56D, EV 105.6 MPH)
Kyle Waters to third
Dan Benson to second
Batting: RHB Justin Reed 0-0: Ball
1-0: Called Strike
1-1: Foul Ball, location: 2F
1-2: Strikes out swinging
Top of the 5th over - 0 runs, 1 hit, 1 error, 3 left on base; Portland 2 - Madison 0
BOTTOM OF THE 5TH
Madison Brewers batting - Pitching for Portland Angels : RHP Chris Lloyd
Batting: RHB Bobby Ujvari 0-0: Ball
1-0: Swinging Strike
1-1: Ball
2-1: Foul Ball, location: 2F
2-2: Strikes out swinging
Batting: RHB Alex Olmeda 0-0: Fly out, F3 (Popup, 3, EV 62.5 MPH)
Batting: SHB Francisco Moreno 0-0: Called Strike
0-1: Foul Ball, location: 2F
0-2: Fly out, F8 (Line Drive, 8RD, EV 93.1 MPH)
Bottom of the 5th over - 0 runs, 0 hits, 0 errors, 0 left on base; Portland 2 - Madison 0
TOP OF THE 6TH
Portland Angels batting - Pitching for Madison Brewers : RHP Francisco Moreno
Batting: RHB Humberto Rebollar 0-0: Bunted foul
0-1: Swinging Strike
0-2: Ball
1-2: Strikes out swinging
Batting: LHB Kevin Thorp 0-0: Ball
1-0: Ball
2-0: Fly out, F4 (Popup, 34D, EV 73.8 MPH)
Batting: RHB Chris Lloyd 0-0: Ball
1-0: Called Strike
1-1: Ball
2-1: Ground out 6-3 (Groundball, 6M, EV 100.6 MPH)
Top of the 6th over - 0 runs, 0 hits, 0 errors, 0 left on base; Portland 2 - Madison 0
BOTTOM OF THE 6TH
Madison Brewers batting - Pitching for Portland Angels : RHP Chris Lloyd
Batting: RHB Brent Campbell 0-0: Swinging Strike
0-1: Ball
1-1: Ball
2-1: Swinging Strike
2-2: Strikes out looking
Batting: RHB Micah Christopher 0-0: SINGLE (Groundball, 56D, EV 103.1 MPH)
Batting: LHB Dan Martinez 0-0: Ball
Micah Christopher steals 2nd base
1-0: Foul Ball, location: 2F
1-1: Ball
2-1: Ball
3-1: Swinging Strike
3-2: Base on Balls
Batting: RHB Justin Menotti 0-0: Ground out 4-3 (Groundball, 4S, EV 69.4 MPH)
Micah Christopher to third
Dan Martinez to second
Batting: RHB Mike Feldhausen 0-0: Ball
1-0: Ball
2-0: Ball
3-0: Called Strike
3-1: Fly out, F8 (Flyball, 8RS, EV 88.8 MPH)
Bottom of the 6th over - 0 runs, 1 hit, 0 errors, 2 left on base; Portland 2 - Madison 0
TOP OF THE 7TH
Portland Angels batting - Pitching for Madison Brewers : RHP Francisco Moreno
Batting: RHB Aubrey Soldan 0-0: Foul Ball, location: 2F
0-1: Ball
1-1: Called Strike
1-2: Strikes out swinging
Batting: RHB Suoud bin Hilal 0-0: Ball
1-0: Fly out, F3 (Popup, 34S, EV 74.4 MPH)
Batting: RHB Kyle Waters 0-0: Fly out, F9 (Flyball, 89M, EV 85.6 MPH)
Top of the 7th over - 0 runs, 0 hits, 0 errors, 0 left on base; Portland 2 - Madison 0
BOTTOM OF THE 7TH
Madison Brewers batting - Pitching for Portland Angels : RHP Chris Lloyd
Batting: LHB Peter Whistle 0-0: SINGLE (Line Drive, 8LS, EV 93.8 MPH)
Batting: RHB Bobby Ujvari 0-0: Called Strike
Peter Whistle steals 2nd base
0-1: Called Strike
0-2: Strikes out swinging
Batting: RHB Alex Olmeda 0-0: Called Strike
0-1: SINGLE (Flyball, 9LS, EV 91.9 MPH)
Peter Whistle to third
Runner from 3rd tries for Home, SAFE, throw by RF to home
Pinch Hitting: RHB Brock Rowling 0-0: Called Strike
0-1: Ball
1-1: Called Strike
1-2: Fly out, F9 (Flyball, 9S, EV 92.5 MPH)
Pinch Hitting: LHB Danny Brooks 0-0: Called Strike
0-1: Fly out, F9 (Flyball, 9S, EV 93.8 MPH)
Bottom of the 7th over - 1 run, 2 hits, 0 errors, 1 left on base; Portland 2 - Madison 1
TOP OF THE 8TH
Portland Angels batting - Pitching for Madison Brewers : RHP Francisco Moreno
Pitching: RHP Jesse Pierce
Now at 2B: Brock Rowling
Batting: RHB Dan Benson 0-0: Fly out, F3 (Line Drive, 3, EV 67.5 MPH)
Batting: RHB Jayson Robinson 0-0: Swinging Strike
0-1: Ball
1-1: Foul Ball, location: 2F
1-2: Strikes out swinging
Batting: RHB Justin Reed 0-0: Ball
1-0: Ball
2-0: Called Strike
2-1: Ground out 6-3 (Groundball, 56, EV 83.8 MPH)
Top of the 8th over - 0 runs, 0 hits, 0 errors, 0 left on base; Portland 2 - Madison 1
BOTTOM OF THE 8TH
Madison Brewers batting - Pitching for Portland Angels : RHP Chris Lloyd
Now at 3B: Nick Marse
Batting: RHB Micah Christopher 0-0: Ball
1-0: Foul Ball, location: 2F
1-1: SINGLE (Flyball, 56D, EV 88.1 MPH)
Batting: LHB Dan Martinez 0-0: Ball
1-0: Fly out, F7 (Flyball, 7LM, EV 72.5 MPH)
Pinch Hitting: LHB Myles Bridges 0-0: Ball
1-0: Foul Ball, location: 2F
1-1: Called Strike
1-2: Ball
2-2: Ball
3-2: Fly out, F8 (Line Drive, 8RM, EV 98.1 MPH)
Pinch Hitting: LHB Chris Kinsella 0-0: Called Strike
0-1: Ball
1-1: Ball
2-1: Foul Ball, location: 2F
2-2: Foul Ball, location: 2F
2-2: Foul Ball, location: 2F
2-2: Foul Ball, location: 2F
2-2: Strikes out looking
Bottom of the 8th over - 0 runs, 1 hit, 0 errors, 1 left on base; Portland 2 - Madison 1
TOP OF THE 9TH
Portland Angels batting - Pitching for Madison Brewers : RHP Jesse Pierce
Now at 3B: Andrew Webster
Now at SS: Evan Davis
Batting: RHB Humberto Rebollar 0-0: Called Strike
0-1: Foul Ball, location: 2F
0-2: Strikes out looking
Batting: LHB Kevin Thorp 0-0: Ball
1-0: Called Strike
1-1: Ball
2-1: Foul Ball, location: 2F
2-2: Foul Ball, location: 2F
2-2: Foul Ball, location: 2F
2-2: Strikes out swinging
Batting: RHB Chris Lloyd 0-0: Swinging Strike
0-1: Swinging Strike
0-2: Strikes out looking
Top of the 9th over - 0 runs, 0 hits, 0 errors, 0 left on base; Portland 2 - Madison 1
BOTTOM OF THE 9TH
Madison Brewers batting - Pitching for Portland Angels : RHP Chris Lloyd
Pitching: LHP Chris Nelson
Now in LF: Aaron Younger
Pinch Hitting: RHB Rich Perez 0-0: Called Strike
0-1: Foul Ball, location: 2F
0-2: Ball
1-2: SINGLE (Line Drive, 56D, EV 101.3 MPH)
Pinch Hitting: RHB Chris Sinclair 0-0: Sac Bunt to 23 - play at second, runner OUT! 3-6
Batting: RHB Alex Olmeda 0-0: Called Strike
0-1: Called Strike
0-2: Fielders Choice at 2nd, 1-6 (Groundball, 13, EV 91.3 MPH)
Batting: RHB Brock Rowling 0-0: Ball
1-0: Fielders Choice at 2nd, 6-4 (Groundball, 6, EV 103.1 MPH)
Bottom of the 9th over - 0 runs, 1 hit, 0 errors, 1 left on base; Portland 2 - Madison 1
Sunday, July 16th , 2023 - OOTP Baseball 24.6 Build 69